 Dungeon Crawl Stone Soup version 0.29.1-1-gd02db6906a (webtiles) character file.

Game seed: 13509038968441111695

80 Iusername the Covered (level 4, -3/60 HPs)
             Began as a Minotaur Fighter on Sept 22, 2022.
             Succumbed to a gnoll's poison
             ... on level 3 of the Dungeon.
             The game lasted 00:02:37 (1972 turns).

Iusername the Covered (Minotaur Fighter)            Turns: 1972, Time: 00:02:38

Health: -3/60      AC: 22    Str: 19 (20) XL:     4   Next: 18%
Magic:  3/3        EV:  2    Int:  2 (5)  God:
Gold:   111        SH:  4    Dex: 11 (12) Spells: 3/3 levels left

rFire   . . .      SeeInvis .   a - +0 war axe
rCold   . . .      Faith    .   c - +0 buckler
rNeg    . . .      Spirit   .   (body armour currently unavailable)
rPois   +          Reflect  .   (helmet currently unavailable)
rElec   .          Harm     .   (cloak currently unavailable)
rCorr   .          Rampage  .   (gloves currently unavailable)
Will    .....      NoTele   +   (boots currently unavailable)
Stlth   +.........              (no amulet)
HPRegen 0.20/turn               (no ring)
MPRegen 0.08/turn               (no ring)

@: mighty, lethally poisoned (-3 -> -20), tree-form, invisible
A: stationary, stasis, torment immunity, boosted hp, (horns 2), (retaliatory
headbutt)
a: no special abilities


You were on level 3 of the Dungeon.
You were a tree.
You visited 1 branch of the dungeon, and saw 3 of its levels.

You collected 111 gold pieces.

Inventory:

Hand Weapons
 a - a +0 war axe (weapon)
Missiles
 o - 3 javelins (quivered)
Armour
 b - a +0 scale mail (melded)
 c - a +0 buckler (worn)
 n - a +0 pair of gloves
Jewellery
 q - an amulet of faith
Scrolls
 e - a scroll of identify {unknown}
 g - 2 scrolls of teleportation {unknown}
 i - 3 scrolls of amnesia {unknown}
 j - a scroll of enchant armour {unknown}
 m - a scroll of immolation {unknown}
Potions
 d - a potion of might
 f - a potion of invisibility
 h - a potion of lignification
 l - a potion of mutation {unknown}
 r - a potion of heal wounds {unknown}


   Skills:
 + Level 4.1 Fighting
 + Level 3.7 Axes
 + Level 4.6 Armour
 + Level 0.1 Dodging
 + Level 4.0 Shields


You had 3 spell levels left.
You didn't know any spells.
Your spell library contained the following spells:

 Spells                   Type           Power      Damage    Failure   Level
 Sandblast                Erth           0%         2d4       63%         1
 Passwall                 Tmut/Erth      0%         N/A       77%         2
 Stone Arrow              Conj/Erth      0%         3d7       94%         3
 Dispersal                Tloc           0%         N/A       100%        6
 Disjunction              Tloc           0%         N/A       100%        8


Dungeon Overview and Level Annotations

Branches:
Dungeon (3/15)

Altars:

Shops:
D:2 [?:


Innate Abilities, Weirdness & Mutations

You are a tree.
Your roots penetrate the ground, keeping you stationary.
You cannot be teleported.
You are immune to unholy pain and torment.
Your maximum health is greatly increased.
Your equipment is partially melded.
((You have a pair of horns on your head.))
((You reflexively headbutt those who attack you in melee.))


Message History

You see here 7 stones.
You feel better. The gnoll barely misses you. You furiously retaliate!
You headbutt the gnoll!
You strike the helpless gnoll from behind!
You slash the gnoll!
You kill the gnoll!
You barely miss the gnoll.
The gnoll throws a throwing net.
The throwing net hits you.
You become entangled in the net!
The gnoll hits you but does no damage. x2
You struggle against the net.
The gnoll hits you from afar with a +2 halberd of venom.
You are poisoned.
The gnoll hits you but does no damage.
Unknown command.
You feel very mighty all of a sudden.
You feel sick. The gnoll hits you with a +0 whip.
The gnoll hits you from afar with a +2 halberd of venom.
* * * LOW HITPOINT WARNING * * *
You are lethally poisoned!
It was a potion of lignification.
You turn into a tree.
Your +0 scale mail melds into your body.
Your roots penetrate the ground.
The net rips apart!
* * * LOW HITPOINT WARNING * * *
You feel very sick.
The gnoll hits you from afar with a +2 halberd of venom.
* * * LOW HITPOINT WARNING * * *
You are more poisoned.
The gnoll hits you with a +0 whip.
* * * LOW HITPOINT WARNING * * *
There is a lethal amount of poison in your body!
It was a potion of degeneration.
There was something very wrong with that liquid.
You feel weakened.
You feel dopey.
You feel clumsy.
* * * LOW HITPOINT WARNING * * *
You feel very sick.
The gnoll hits you from afar with a +2 halberd of venom.
* * * LOW HITPOINT WARNING * * *
The rat bites you but does no damage. The gnoll hits you but does no damage.
It was a potion of flight.
Your roots keep you in place.
You die...

.# #...........+ ##
...........#
.########### #..)...#
..............+......+
.###.........##..†...#
.# #.........#..(.?..#
## #.........#.wg....#
.###.........#.gr.?.##
.')).........#..♣.?.#
.###................#
.# #................#
.# ######...........#
.# #........#+### .#
#........# .#
#........# .#
##.......# ##
#...#####


You could see a worm (unable to see you), 2 gnolls and a rat (unable to see
you).

Vanquished Creatures
  An adder (D:2)
  A gnoll (D:3)
  A dart slug (D:1)
  5 orcs (D:3)
  2 ball pythons
  3 bats
  2 endoplasms
  4 giant cockroaches
  5 hobgoblins
  8 jackals
  2 quokkas (D:1)
  8 frilled lizards
  A goblin (D:3)
  5 kobolds
  4 rats
52 creatures vanquished.

Notes
Turn   | Place    | Note
-------+----------+-------------------------------------------
     0 | D:1      | Iusername the Minotaur Fighter began the quest for the Orb.
     0 | D:1      | Reached XP level 1. HP: 19/19 MP: 0/0
   356 | D:1      | Reached XP level 2. HP: 27/27 MP: 1/1
  1106 | D:2      | Reached XP level 3. HP: 33/33 MP: 2/2
  1115 | D:2      | Found Gafiloeg's Book Boutique.
  1168 | D:2      | Found Vushorch's Magic Scroll Shoppe.
  1292 | D:2      | Found a faded altar of an unknown god.
  1313 | D:2      | Found Xufuvose's Antique Armour Boutique.
  1604 | D:3      | Reached XP level 4. HP: 34/40 MP: 3/3
  1971 | D:3      | HP: 1/60 [gnoll/+2 halberd of venom (3)]
  1972 | D:3      | Succumbed to a gnoll's poison

Illustrated notes

Levels and vault maps discovered:
D:1:      dpeg_arrival_round_a, layout_basic, serial_glass, glass_columns_c,
          glass_columns_c
D:2:      layout_rooms, serial_shops, shop, nicolae_square_shop,
          nicolae_shop_stone, shapermc_ecumenical_altar_pompeii
D:3:      layout_basic, minmay_misc_feat_rows, hangedman_decor_peaks_small

Skill      XL: |  1  2  3 |
---------------+----------+-----
Armour         | 4 |  4.6
Axes           | 3 |  3.7
Shields        | 4 |  4.0
Fighting       | 4 |  4.1
Dodging        | |  0.1

Action                   |  1- 3 |  4- 6 || total
-------------------------+-------+-------++-------
Melee: War axe           |    96 |     5 ||   101
       Headbutt          |    16 |     1 ||    17
  Use: Potion            |       |     7 ||     7
 Stab: Invisible         |       |     1 ||     1
Armor: Scale mail        |    43 |     5 ||    48
       Skin              |       |     2 ||     2
Dodge: Dodged            |    51 |     5 ||    56
Block: Buckler           |    19 |     3 ||    22
